AoeStats
← ekansdilos_

Four Lakes

510080396Analyzed
1v1 RM · 24h ago on Sep 29, 2026· 67m 36s· 2 players
Game mode
Random Map
Map size
Tiny (2 player)
Population
200
Speed
Normal
Resources
Standard
Victory
Conquest
Starting age
Dark Age
Ending age
Imperial Age
RankedLock teamsTeams togetherTeam positionsShared explorationLock speedFull tech treeHidden civsTurbo modeCheats
Victory
Defeat
🇪🇸 Turks · Spain
429
+18
🇫🇷 Bulgarians · France
471
-18
ekansdilos_
0:34 Loom
10:51 Feudal Age
13:01 Wheelbarrow
12:11 Town Watch
12:16 Double-Bit Axe
14:20 Fishing Lines
24:38 Horse Collar
27:09 Castle Age
28:25 Hand Cart
28:11 Town Patrol
29:14 Bow Saw
29:54 Squires
30:07 Fletching
30:18 Scale Mail Armor
30:29 Forging
32:01 Bodkin Arrow
34:06 Medium Warships
39:06 Imperial Age
37:09 Chain Mail Armor
37:42 Arson
38:02 Padded Archer Armor
40:16 Conscription
40:41 Leather Archer Armor
40:30 Bracer
41:20 Bombard Tower
40:45 Arrowslits
40:57 Murder Holes
41:24 Ballistics
47:55 Masonry
59:36 Hoardings
62:07 Two-Man Saw
63:50 Elite Janissary
Akéron
1:41 Loom
9:56 Feudal Age
11:25 Double-Bit Axe
26:08 Castle Age
26:57 Scale Mail Armor
27:08 Forging
28:35 Bow Saw
28:51 Horse Collar
30:52 Gold Mining
30:59 Stone Mining
33:50 Gambesons
33:52 Arson
37:16 Gold Shaft Mining
42:48 Imperial Age
41:07 Iron Casting
42:32 Stirrups
44:05 Chain Mail Armor
44:50 Blast Furnace
46:41 Onager
48:35 Chemistry
47:58 Ballistics
58:44 Siege Engineers
65:41 Husbandry
65:01 Cavalier
Connection lost

Rejoining the realm…

Still unreachable

The connection could not be restored.

Session expired

The server has moved on; the page needs a fresh start.